Avalanche vs Devils
Created - 17 novembre 2014 at 19:49
Goals
|
Avalanche |
1 |
0 |
0 |
1 |
Devils |
1 |
2 |
1 |
4 |
|
Shots
|
Avalanche |
17 |
7 |
6 |
30 |
Devils |
11 |
13 |
11 |
35 |
|
1st period
1. Devils , Zach Parise 9 (Stephen Weiss, Mike Komisarek) at 12:25
2. Avalanche , Rostislav Olesz 1 (Jason Allison) at 15:56
Penalties :
Andy Greene (NJD) for Delaying the game (Minor) at 6:09, Jason Allison (Col) for Roughing (Minor) at 19:47
2nd period
3. Devils , Patrick Eaves 6 (Brad Ference, Dustin Boyd) at 5:52
4. Devils , Dustin Boyd 6 (Ladislav Nagy, Jay Bouwmeester) at 14:02
Penalties :
Rostislav Olesz (Col) for Hooking (Minor) at 3:37, Mike Komisarek (NJD) for Roughing (Minor) at 11:48, Dave Tanabe (Col) for Roughing (Minor) at 19:23
3rd period
5. Devils , Zach Parise 10 (Mike Komisarek, Vincent Lecavalier) at 0:12 (PP)
Penalties :
Ryan Smyth (Col) for Elbowing (Minor) at 6:40, Rostislav Olesz (Col) for Holding (Minor) at 12:46, Jason Allison (Col) for Roughing (Minor) at 16:03
Goalie Stats
Jimmy Howard (Col), 31 saves from 35 shots - (0,886), L, 12-5-0, 60:00 minutes
Viktor Fasth (NJD), 29 saves from 30 shots - (0,967), W, 10-4-2, 60:00 minutes
Players Stats for Avalanche
Player Name G A P +/- PIM S H SB GA TA FO MP PP MP PK MP
------------------------------------------------------------------------------------
Andrew Ladd 0 0 0 -2 0 0 0 0 0 0 0/0 12:27 1:03 2:08
Brian Campbell 0 0 0 0 0 3 1 1 0 0 0/0 18:44 0:55 0:00
Bryan Little 0 0 0 -1 0 0 2 0 1 1 2/4 10:08 2:00 0:00
Chuck Kobasew 0 0 0 0 0 0 0 0 0 0 0/0 14:55 1:08 2:53
Corey Perry 0 0 0 0 0 3 2 0 0 1 0/0 15:38 1:09 0:00
Dave Tanabe 0 0 0 0 2 2 1 0 0 2 0/0 21:16 2:09 4:01
Drew Doughty 0 0 0 -1 0 0 0 3 0 0 0/0 15:42 2:09 0:16
Dustin Byfuglien 0 0 0 -1 0 2 5 0 1 0 0/1 17:02 0:57 2:53
Jack Johnson 0 0 0 -1 0 1 1 0 0 2 0/0 24:48 0:55 6:27
Jason Allison 0 1 1 0 4 5 3 0 0 0 5/13 16:11 1:09 0:03
Jason Pominville 0 0 0 0 0 1 0 1 1 0 0/0 5:50 0:50 0:00
Marc Staal 0 0 0 -1 0 1 0 2 0 0 0/0 21:07 1:04 6:27
Maxim Talbot 0 0 0 0 0 1 2 0 0 1 1/3 9:37 0:39 0:00
Michael Rupp 0 0 0 0 0 3 2 2 1 1 1/1 15:34 0:50 5:46
Mike Comrie 0 0 0 0 0 0 0 2 0 0 13/28 18:47 0:00 6:13
Rostislav Olesz 1 0 1 -1 4 4 0 1 0 1 0/1 18:31 0:50 0:58
Ryan Smyth 0 0 0 -1 2 2 1 0 0 0 1/2 14:21 1:09 0:34
Shane O'Brien 0 0 0 -1 0 2 2 1 0 1 0/0 18:32 0:54 4:17
Players Stats for Devils
Player Name G A P +/- PIM S H SB GA TA FO MP PP MP PK MP
------------------------------------------------------------------------------------
Andy Greene 0 0 0 1 2 0 0 1 0 0 0/0 13:22 0:00 0:00
Antti Miettinen 0 0 0 0 0 1 1 0 1 0 0/0 8:23 0:00 0:24
Ben Lovejoy 0 0 0 1 0 0 0 3 1 0 0/0 20:41 3:45 1:19
Brad Ference 0 1 1 1 0 2 2 1 0 0 0/0 16:05 0:00 1:03
Dustin Boyd 1 1 2 2 0 1 0 0 2 0 2/3 10:25 0:00 0:00
Greg Stewart 0 0 0 0 0 3 2 1 0 0 0/0 9:18 0:21 0:34
Guillaume Latendresse 0 0 0 -1 0 3 1 0 1 0 1/1 17:12 4:34 1:43
Jason Arnott 0 0 0 0 0 0 1 0 0 0 3/6 10:57 0:42 1:50
Jay Bouwmeester 0 1 1 0 0 3 2 0 1 0 0/0 25:32 6:59 2:14
Ladislav Nagy 0 1 1 2 0 2 0 0 0 1 0/0 11:29 0:00 1:03
Maxim Afinogenov 0 0 0 1 0 5 2 1 0 1 1/2 21:23 5:49 0:00
Mike Komisarek 0 2 2 1 2 0 2 1 0 1 0/0 24:14 6:59 0:56
Mike Lundin 0 0 0 0 0 3 2 1 1 1 0/0 19:42 3:45 2:00
Patric Hornqvist 0 0 0 -1 0 0 2 0 1 0 0/0 15:28 4:34 0:00
Patrick Eaves 1 0 1 2 0 3 2 0 0 0 0/0 10:25 0:00 0:00
Stephen Weiss 0 1 1 1 0 2 4 2 0 0 10/17 19:48 4:18 0:00
Vincent Lecavalier 0 1 1 -1 0 3 1 1 1 0 13/24 19:10 6:05 1:43
Zach Parise 2 0 2 1 0 4 1 0 1 0 0/0 22:26 5:49 1:03
3 Stars
1 - Zach Parise (NJD)
2 - Dustin Boyd (NJD)
3 - Viktor Fasth (NJD)
Power Play
Avalanche - 0 on 2 Attempt(s) - 0,00%
Devils - 1 on 6 Attempt(s) - 16,67%
Penalty Kill
Avalanche - 5 on 6 Attempt(s) - 83,33%
- Score 0 goal in Penalty Kill
Devils - 2 on 2 Attempt(s) - 100,00%
- Score 0 goal in Penalty Kill
Official
Referees : StLaurent Francois and Banfield David
Linesman : Mark Shewchyk and Michel Cormier
Game Notes
Jason Pominville is injured at 18:06 of 1st period (Sprained Right Ankle)
Finance
Level 1 -- Attendance: 6000 (100,00%) -- Ticket Income 510 000 $
Level 2 -- Attendance: 4655 (93,10%) -- Ticket Income 242 060 $
Level 3 -- Attendance: 2000 (100,00%) -- Ticket Income 56 000 $
Level 4 -- Attendance: 3893 (97,33%) -- Ticket Income 77 860 $
Luxury Box -- Attendance: 880 (88,00%) -- Ticket Income 149 600 $
Game was played at the The prudential Center
Total Attendance: 17428 (96,82%)
Total Ticket Income: 1 035 520 $
Other Income: 155 328 $
Total Income: 1 190 848 $
Avalanche
5 vs 5 Forward
Center Left Wing Right Wing Time % Phy DF OF
1 Jason Allison Rostislav Olesz Corey Perry 35 1 2 2
2 Mike Comrie Ryan Smyth Jason Pominville 35 1 2 2
3 Bryan Little Andrew Ladd Dustin Byfuglien 15 1 2 2
4 Maxim Talbot Michael Rupp Chuck Kobasew 15 1 2 2
5 vs 5 Defense
Defense Defense Time % Phy DF OF
1 Jack Johnson Brian Campbell 35 1 2 2
2 Marc Staal Dave Tanabe 35 1 2 2
3 Drew Doughty Shane O'Brien 30 1 2 2
4 Jack Johnson Brian Campbell 0 1 2 2
PowerPlay Forward
Center Left Wing Right Wing Time % Phy DF OF
1 Jason Allison Ryan Smyth Corey Perry 60 1 2 2
2 Bryan Little Rostislav Olesz Jason Pominville 40 1 2 2
PowerPlay Defense
Defense Defense Time % Phy DF OF
1 Drew Doughty Dave Tanabe 60 1 2 2
2 Brian Campbell Jack Johnson 40 1 2 2
Penalty Kill 4 Players Forward
Center Wing Time % Phy DF OF
1 Mike Comrie Michael Rupp 60 1 2 2
2 Dustin Byfuglien Chuck Kobasew 40 1 2 2
Penalty Kill 4 Players Defense
Defense Defense Time % Phy DF OF
1 Jack Johnson Marc Staal 60 1 2 2
2 Dave Tanabe Shane O'Brien 40 1 2 2
Penalty Kill - 3 Players Forward
Forward Time % Phy DF OF
1 Mike Comrie 60 1 2 2
2 Jason Pominville 40 1 2 2
Penalty Kill - 3 Players Defense
Defense Defense Time % Phy DF OF
1 Jack Johnson Marc Staal 60 1 2 2
2 Dave Tanabe Shane O'Brien 40 1 2 2
4 vs 4 Forward
Center Wing Time % Phy DF OF
1 Corey Perry Jason Pominville 60 1 2 2
2 Ryan Smyth Mike Comrie 40 1 2 2
4 vs 4 Defense
Defense Defense Time % Phy DF OF
1 Jack Johnson Marc Staal 60 1 2 2
2 Dave Tanabe Drew Doughty 40 1 2 2
Last Minutes Offensive
Center Left Wing Right Wing Defense Defense
Jason Allison Ryan Smyth Corey Perry Drew Doughty Dave Tanabe
Last Minutes Defensive
Center Left Wing Right Wing Defense Defense
Mike Comrie Michael Rupp Chuck Kobasew Jack Johnson Marc Staal
Goaltenders
Starting : Jimmy Howard
Backup : Marty Turco
Extra Forwards
Normal : Dustin Byfuglien, Rostislav Olesz, Andrew Ladd - PP : Dustin Byfuglien, Rostislav Olesz - PK : Andrew Ladd
Extra Defensemen
Normal : Dave Tanabe, Shane O'Brien, Drew Doughty - PP : Dave Tanabe - PK : Shane O'Brien, Drew Doughty
Penalty Shots
Corey Perry, Ryan Smyth, Bryan Little, Mike Comrie, Dave Tanabe
Devils
5 vs 5 Forward
Center Left Wing Right Wing Time % Phy DF OF
1 Stephen Weiss Zach Parise Maxim Afinogenov 40 1 2 2
2 Vincent Lecavalier Guillaume Latendresse Patric Hornqvist 30 1 2 2
3 Dustin Boyd Ladislav Nagy Patrick Eaves 20 1 2 2
4 Jason Arnott Greg Stewart Antti Miettinen 10 1 2 2
5 vs 5 Defense
Defense Defense Time % Phy DF OF
1 Jay Bouwmeester Mike Komisarek 40 1 2 2
2 Ben Lovejoy Mike Lundin 30 1 2 2
3 Brad Ference Andy Greene 20 1 2 2
4 Ben Lovejoy Brad Ference 10 1 2 2
PowerPlay Forward
Center Left Wing Right Wing Time % Phy DF OF
1 Vincent Lecavalier Zach Parise Maxim Afinogenov 60 0 2 3
2 Stephen Weiss Guillaume Latendresse Patric Hornqvist 40 0 2 3
PowerPlay Defense
Defense Defense Time % Phy DF OF
1 Mike Komisarek Jay Bouwmeester 60 1 2 2
2 Ben Lovejoy Mike Lundin 40 1 2 2
Penalty Kill 4 Players Forward
Center Wing Time % Phy DF OF
1 Jason Arnott Zach Parise 60 1 2 2
2 Vincent Lecavalier Guillaume Latendresse 40 1 2 2
Penalty Kill 4 Players Defense
Defense Defense Time % Phy DF OF
1 Brad Ference Mike Lundin 60 1 2 2
2 Jay Bouwmeester Mike Komisarek 40 1 2 2
Penalty Kill - 3 Players Forward
Forward Time % Phy DF OF
1 Jason Arnott 60 1 2 2
2 Vincent Lecavalier 40 1 2 2
Penalty Kill - 3 Players Defense
Defense Defense Time % Phy DF OF
1 Mike Lundin Brad Ference 60 1 2 2
2 Mike Komisarek Jay Bouwmeester 40 1 2 2
4 vs 4 Forward
Center Wing Time % Phy DF OF
1 Stephen Weiss Guillaume Latendresse 60 1 2 2
2 Vincent Lecavalier Maxim Afinogenov 40 1 2 2
4 vs 4 Defense
Defense Defense Time % Phy DF OF
1 Brad Ference Mike Komisarek 60 1 2 2
2 Jay Bouwmeester Mike Lundin 40 1 2 2
Last Minutes Offensive
Center Left Wing Right Wing Defense Defense
Vincent Lecavalier Zach Parise Maxim Afinogenov Ben Lovejoy Jay Bouwmeester
Last Minutes Defensive
Center Left Wing Right Wing Defense Defense
Jason Arnott Zach Parise Maxim Afinogenov Mike Komisarek Jay Bouwmeester
Goaltenders
Starting : Viktor Fasth
Backup : Dan Ellis
Extra Forwards
Normal : Jason Arnott, Antti Miettinen, Ladislav Nagy - PP : Jason Arnott, Greg Stewart - PK : Ladislav Nagy
Extra Defensemen
Normal : Ben Lovejoy, Mike Komisarek, Andy Greene - PP : Ben Lovejoy - PK : Ben Lovejoy, Mike Lundin
Penalty Shots
Vincent Lecavalier, Maxim Afinogenov, Guillaume Latendresse, Patric Hornqvist, Zach Parise
% Time on Ice - Avalanche
Lines # - Real PCT - Wanted PCT - Time Play
Normal Forward
1 - 33% - 35% - 14:45
2 - 31% - 35% - 13:49
3 - 17% - 15% - 7:46
4 - 20% - 15% - 8:58
Normal Defense
1 - 37% - 35% - 16:42
2 - 33% - 35% - 14:46
3 - 29% - 30% - 13:19
4 - 1% - 0% - 0:31
PP Forward
1 - 29% - 60% - 1:09
2 - 71% - 40% - 2:49
PP Defense
1 - 77% - 60% - 3:03
2 - 23% - 40% - 0:55
PK Forward
1 - 73% - 60% - 7:51
2 - 27% - 40% - 2:53
PK Defense
1 - 60% - 60% - 6:27
2 - 40% - 40% - 4:17
PK3 Forward
1 - 0% - 60%
2 - 0% - 40%
PK3 Defense
1 - 0% - 60%
2 - 0% - 40%
44 Forward
1 - 0% - 60%
2 - 0% - 40%
44 Defense
1 - 0% - 60%
2 - 0% - 40%
Last Minute Offensive - 0:00
Last Minute Defensive - 0:00
Total
Forward - 60:00
Defense - 60:00
|
% Time on Ice - Devils
Lines # - Real PCT - Wanted PCT - Time Play
Normal Forward
1 - 35% - 40% - 15:59
2 - 24% - 30% - 10:55
3 - 23% - 20% - 10:25
4 - 18% - 10% - 7:59
Normal Defense
1 - 36% - 40% - 16:20
2 - 31% - 30% - 13:57
3 - 29% - 20% - 13:12
4 - 4% - 10% - 1:49
PP Forward
1 - 57% - 60% - 6:10
2 - 43% - 40% - 4:34
PP Defense
1 - 65% - 60% - 6:59
2 - 35% - 40% - 3:45
PK Forward
1 - 57% - 60% - 2:15
2 - 43% - 40% - 1:43
PK Defense
1 - 26% - 60% - 1:03
2 - 74% - 40% - 2:55
PK3 Forward
1 - 0% - 60%
2 - 0% - 40%
PK3 Defense
1 - 0% - 60%
2 - 0% - 40%
44 Forward
1 - 0% - 60%
2 - 0% - 40%
44 Defense
1 - 0% - 60%
2 - 0% - 40%
Last Minute Offensive - 0:00
Last Minute Defensive - 0:00
Total
Forward - 60:00
Defense - 60:00
|
Play by Play
1st period
0:01 of 1st period - Jason Allison wins face-off versus Stephen Weiss in neutral zone.
0:04 of 1st period - Zach Parise is hit by Corey Perry and loses puck.
0:15 of 1st period - Wrist shot by Rostislav Olesz.
0:15 of 1st period - Shot Misses the Net.
0:25 of 1st period - Jack Johnson is hit by Jay Bouwmeester and loses puck.
1:00 of 1st period - Wrist shot by Dustin Byfuglien.
1:00 of 1st period - Shot Misses the Net.
1:07 of 1st period - Icing by Mike Lundin.
1:08 of 1st period - Jason Arnott wins face-off versus Maxim Talbot in Devils zone.
1:19 of 1st period - Wrist shot by Antti Miettinen.
1:19 of 1st period - Stopped by Jimmy Howard with a rebound.
1:21 of 1st period - Slapshot by Ben Lovejoy.
1:21 of 1st period - Shot Misses the Net.
1:23 of 1st period - Slapshot by Ben Lovejoy.
1:23 of 1st period - Shot Misses the Net.
1:25 of 1st period - Wrist shot by Greg Stewart.
1:25 of 1st period - Stopped by Jimmy Howard without a rebound.
1:26 of 1st period - Stephen Weiss wins face-off versus Rostislav Olesz in Avalanche zone.
1:57 of 1st period - Wrist shot by Bryan Little.
1:57 of 1st period - Shot Misses the Net.
2:11 of 1st period - Snap shot by Maxim Afinogenov.
2:11 of 1st period - Stopped by Jimmy Howard without a rebound.
2:12 of 1st period - Vincent Lecavalier wins face-off versus Mike Comrie in Avalanche zone.
2:15 of 1st period - Snap shot by Vincent Lecavalier.
2:15 of 1st period - Shot Misses the Net.
2:17 of 1st period - Wrist shot by Guillaume Latendresse.
2:17 of 1st period - Shot Blocked by Mike Comrie.
2:19 of 1st period - Snap shot by Patric Hornqvist.
2:19 of 1st period - Shot Blocked by Drew Doughty.
3:07 of 1st period - Dave Tanabe is hit by Mike Lundin and loses puck.
3:24 of 1st period - Marc Staal is hit by Patric Hornqvist and loses puck.
4:24 of 1st period - Jay Bouwmeester is hit by Shane O'Brien and loses puck.
4:50 of 1st period - Andy Greene is hit by Dustin Byfuglien and loses puck.
5:32 of 1st period - Marc Staal is hit by Maxim Afinogenov and loses puck.
5:37 of 1st period - Snap shot by Maxim Afinogenov.
5:37 of 1st period - Stopped by Jimmy Howard with a rebound.
5:47 of 1st period - Slapshot by Marc Staal.
5:47 of 1st period - Stopped by Viktor Fasth without a rebound.
5:48 of 1st period - Vincent Lecavalier wins face-off versus Bryan Little in Devils zone.
5:55 of 1st period - Snap shot by Guillaume Latendresse.
5:55 of 1st period - Stopped by Jimmy Howard with a rebound.
6:09 of 1st period - Minor Penalty to Andy Greene for Delaying the game.
6:10 of 1st period - Jason Arnott wins face-off versus Ryan Smyth in Devils zone.
7:09 of 1st period - Guillaume Latendresse is hit by Jason Allison and loses puck.
8:09 of 1st period - Penalty to Andy Greene is over, Andy Greene is back on ice.
8:22 of 1st period - Wrist shot by Maxim Talbot.
8:22 of 1st period - Shot Misses the Net.
8:24 of 1st period - Slapshot by Jack Johnson.
8:24 of 1st period - Stopped by Viktor Fasth with a rebound.
8:26 of 1st period - Wrist shot by Chuck Kobasew.
8:26 of 1st period - Shot Blocked by Mike Lundin.
8:28 of 1st period - Wrist shot by Chuck Kobasew.
8:28 of 1st period - Shot Misses the Net.
8:30 of 1st period - Wrist shot by Michael Rupp.
8:30 of 1st period - Stopped by Viktor Fasth with a rebound.
8:32 of 1st period - Wrist shot by Michael Rupp.
8:32 of 1st period - Stopped by Viktor Fasth with a rebound.
9:15 of 1st period - Slapshot by Greg Stewart.
9:15 of 1st period - Stopped by Jimmy Howard with a rebound.
9:35 of 1st period - Dave Tanabe is hit by Stephen Weiss and loses puck.
10:12 of 1st period - Marc Staal is hit by Stephen Weiss and loses puck.
10:39 of 1st period - Jay Bouwmeester is hit by Brian Campbell and loses puck.
10:44 of 1st period - Slapshot by Corey Perry.
10:44 of 1st period - Stopped by Viktor Fasth with a rebound.
10:46 of 1st period - Wrist shot by Jason Allison.
10:46 of 1st period - Deflect By Rostislav Olesz.
10:46 of 1st period - Stopped by Viktor Fasth without a rebound.
10:47 of 1st period - Vincent Lecavalier wins face-off versus Mike Comrie in Devils zone.
10:54 of 1st period - Wrist shot by Vincent Lecavalier.
10:54 of 1st period - Shot Misses the Net.
10:56 of 1st period - Slapshot by Mike Lundin.
10:56 of 1st period - Stopped by Jimmy Howard without a rebound.
10:57 of 1st period - Mike Comrie wins face-off versus Vincent Lecavalier in Avalanche zone.
11:04 of 1st period - Slapshot by Drew Doughty.
11:04 of 1st period - Shot Misses the Net.
11:09 of 1st period - Slapshot by Shane O'Brien.
11:09 of 1st period - Deflect By Ben Lovejoy.
11:09 of 1st period - Stopped by Viktor Fasth with a rebound.
11:11 of 1st period - Snap shot by Jason Pominville.
11:11 of 1st period - Shot Blocked by Vincent Lecavalier.
11:13 of 1st period - Slapshot by Jason Pominville.
11:13 of 1st period - Shot Blocked by Ben Lovejoy.
11:15 of 1st period - Slapshot by Jason Pominville.
11:15 of 1st period - Stopped by Viktor Fasth without a rebound.
11:16 of 1st period - Maxim Talbot wins face-off versus Stephen Weiss in Devils zone.
11:23 of 1st period - Wrist shot by Maxim Talbot.
11:23 of 1st period - Stopped by Viktor Fasth without a rebound.
11:24 of 1st period - Stephen Weiss wins face-off versus Maxim Talbot in Devils zone.
11:45 of 1st period - Wrist shot by Jason Allison.
11:45 of 1st period - Stopped by Viktor Fasth with a rebound.
11:49 of 1st period - Wrist shot by Corey Perry.
11:49 of 1st period - Stopped by Viktor Fasth with a rebound.
11:51 of 1st period - Backhand shot by Jack Johnson.
11:51 of 1st period - Shot Misses the Net.
11:53 of 1st period - Slapshot by Jack Johnson.
11:53 of 1st period - Shot Blocked by Stephen Weiss.
11:55 of 1st period - Slapshot by Brian Campbell.
11:55 of 1st period - Stopped by Viktor Fasth without a rebound.
11:56 of 1st period - Vincent Lecavalier wins face-off versus Mike Comrie in Devils zone.
12:03 of 1st period - Wrist shot by Mike Comrie.
12:03 of 1st period - Shot Misses the Net.
12:11 of 1st period - Slapshot by Ryan Smyth.
12:11 of 1st period - Stopped by Viktor Fasth without a rebound.
12:12 of 1st period - Stephen Weiss wins face-off versus Jason Allison in Devils zone.
12:25 of 1st period - Wrist shot by Zach Parise.
12:25 of 1st period - Goal by Zach Parise - Avalanche : 0 - Devils : 1.
12:26 of 1st period - Stephen Weiss wins face-off versus Mike Comrie in neutral zone.
13:06 of 1st period - Slapshot by Patric Hornqvist.
13:06 of 1st period - Shot Misses the Net.
13:53 of 1st period - Marc Staal is hit by Greg Stewart and loses puck.
14:12 of 1st period - Snap shot by Jason Pominville.
14:12 of 1st period - Deflect By Ryan Smyth.
14:12 of 1st period - Stopped by Viktor Fasth with a rebound.
14:14 of 1st period - Wrist shot by Dave Tanabe.
14:14 of 1st period - Stopped by Viktor Fasth without a rebound.
14:15 of 1st period - Vincent Lecavalier wins face-off versus Jason Allison in Devils zone.
14:15 of 1st period - Vincent Lecavalier is hit by Shane O'Brien.
15:54 of 1st period - Wrist shot by Michael Rupp.
15:54 of 1st period - Stopped by Viktor Fasth without a rebound.
15:55 of 1st period - Jason Allison wins face-off versus Vincent Lecavalier in Devils zone.
15:56 of 1st period - Snap shot by Rostislav Olesz.
15:56 of 1st period - Goal by Rostislav Olesz - Avalanche : 1 - Devils : 1.
15:57 of 1st period - Stephen Weiss wins face-off versus Jason Allison in neutral zone.
16:43 of 1st period - Icing by Mike Komisarek.
16:44 of 1st period - Dustin Boyd wins face-off versus Bryan Little in Devils zone.
16:44 of 1st period - Dustin Boyd is hit by Dustin Byfuglien.
17:11 of 1st period - Wrist shot by Stephen Weiss.
17:11 of 1st period - Shot Blocked by Drew Doughty.
17:41 of 1st period - Snap shot by Greg Stewart.
17:41 of 1st period - Shot Misses the Net.
17:43 of 1st period - Slapshot by Ben Lovejoy.
17:43 of 1st period - Shot Blocked by Drew Doughty.
17:45 of 1st period - Wrist shot by Antti Miettinen.
17:45 of 1st period - Shot Misses the Net.
17:58 of 1st period - Icing by Shane O'Brien.
17:59 of 1st period - Vincent Lecavalier wins face-off versus Mike Comrie in Avalanche zone.
18:02 of 1st period - Snap shot by Guillaume Latendresse.
18:02 of 1st period - Stopped by Jimmy Howard with a rebound.
18:04 of 1st period - Snap shot by Vincent Lecavalier.
18:04 of 1st period - Stopped by Jimmy Howard with a rebound.
18:06 of 1st period - Slapshot by Brad Ference.
18:06 of 1st period - Shot Blocked by Jason Pominville.
18:06 of 1st period - Jason Pominville from Avalanche is injured at 18:06 of 1st period (Sprained Right Ankle).
18:07 of 1st period - Stephen Weiss wins face-off versus Jason Allison in Avalanche zone.
19:05 of 1st period - Snap shot by Maxim Talbot.
19:05 of 1st period - Shot Blocked by Mike Komisarek.
19:15 of 1st period - Corey Perry is hit by Mike Komisarek and loses puck.
19:30 of 1st period - Snap shot by Zach Parise.
19:30 of 1st period - Shot Misses the Net.
19:32 of 1st period - Slapshot by Jay Bouwmeester.
19:32 of 1st period - Deflect By Stephen Weiss.
19:32 of 1st period - Shot Misses the Net.
19:32 of 1st period - Puck is out of play.
19:33 of 1st period - Bryan Little wins face-off versus Stephen Weiss in Avalanche zone.
19:44 of 1st period - Snap shot by Stephen Weiss.
19:44 of 1st period - Stopped by Jimmy Howard without a rebound.
19:45 of 1st period - Jason Allison wins face-off versus Stephen Weiss in Avalanche zone.
19:47 of 1st period - Minor Penalty to Jason Allison for Roughing.
19:48 of 1st period - Mike Comrie wins face-off versus Vincent Lecavalier in Avalanche zone.
Goals for this period are 1 for Avalanche vs 1 for Devils.
Shots for this period are 17 for Avalanche vs 11 for Devils.
2nd period
0:01 of 2nd period - Vincent Lecavalier wins face-off versus Mike Comrie in neutral zone.
0:53 of 2nd period - Jack Johnson is hit by Vincent Lecavalier and loses puck.
1:28 of 2nd period - Zach Parise is hit by Dave Tanabe and loses puck.
1:33 of 2nd period - Wrist shot by Dustin Byfuglien.
1:33 of 2nd period - Stopped by Viktor Fasth with a rebound.
1:35 of 2nd period - Wrist shot by Chuck Kobasew.
1:35 of 2nd period - Deflect By Vincent Lecavalier.
1:35 of 2nd period - Shot Misses the Net.
1:35 of 2nd period - Puck is out of play.
1:36 of 2nd period - Mike Comrie wins face-off versus Stephen Weiss in Devils zone.
1:47 of 2nd period - Penalty to Jason Allison is over, Jason Allison is back on ice.
1:51 of 2nd period - Zach Parise is hit by Dustin Byfuglien.
1:59 of 2nd period - Dustin Byfuglien is hit by Patrick Eaves and loses puck.
2:24 of 2nd period - Slapshot by Dave Tanabe.
2:24 of 2nd period - Stopped by Viktor Fasth without a rebound.
2:25 of 2nd period - Mike Comrie wins face-off versus Jason Arnott in Devils zone.
2:26 of 2nd period - Slapshot by Rostislav Olesz.
2:26 of 2nd period - Shot Blocked by Ben Lovejoy.
3:37 of 2nd period - Minor Penalty to Rostislav Olesz for Hooking.
3:38 of 2nd period - Stephen Weiss wins face-off versus Mike Comrie in Avalanche zone.
5:37 of 2nd period - Penalty to Rostislav Olesz is over, Rostislav Olesz is back on ice.
5:48 of 2nd period - Wrist shot by Dustin Boyd.
5:48 of 2nd period - Shot Misses the Net.
5:50 of 2nd period - Slapshot by Brad Ference.
5:50 of 2nd period - Stopped by Jimmy Howard with a rebound.
5:52 of 2nd period - Snap shot by Patrick Eaves.
5:52 of 2nd period - Goal by Patrick Eaves - Avalanche : 1 - Devils : 2.
5:53 of 2nd period - Dustin Boyd wins face-off versus Jason Allison in neutral zone.
5:58 of 2nd period - Snap shot by Ladislav Nagy.
5:58 of 2nd period - Shot Blocked by Rostislav Olesz.
6:00 of 2nd period - Snap shot by Ladislav Nagy.
6:00 of 2nd period - Stopped by Jimmy Howard without a rebound.
6:01 of 2nd period - Jason Allison wins face-off versus Dustin Boyd in Avalanche zone.
6:05 of 2nd period - Off-side.
6:06 of 2nd period - Stephen Weiss wins face-off versus Jason Allison in neutral zone.
6:42 of 2nd period - Snap shot by Vincent Lecavalier.
6:42 of 2nd period - Shot Misses the Net.
6:44 of 2nd period - Slapshot by Jay Bouwmeester.
6:44 of 2nd period - Shot Misses the Net.
7:00 of 2nd period - Mike Lundin is hit by Maxim Talbot and loses puck.
8:17 of 2nd period - Snap shot by Jason Allison.
8:17 of 2nd period - Stopped by Viktor Fasth with a rebound.
8:37 of 2nd period - Wrist shot by Corey Perry.
8:37 of 2nd period - Shot Blocked by Stephen Weiss.
8:53 of 2nd period - Wrist shot by Rostislav Olesz.
8:53 of 2nd period - Shot Misses the Net.
8:55 of 2nd period - Slapshot by Brian Campbell.
8:55 of 2nd period - Deflect By Maxim Afinogenov.
8:55 of 2nd period - Stopped by Viktor Fasth with a rebound.
8:57 of 2nd period - Snap shot by Jason Allison.
8:57 of 2nd period - Shot Misses the Net.
9:13 of 2nd period - Snap shot by Rostislav Olesz.
9:13 of 2nd period - Shot Blocked by Brad Ference.
9:15 of 2nd period - Snap shot by Jason Allison.
9:15 of 2nd period - Shot Hit the Post.
10:05 of 2nd period - Wrist shot by Rostislav Olesz.
10:05 of 2nd period - Shot Misses the Net.
10:11 of 2nd period - Wrist shot by Rostislav Olesz.
10:11 of 2nd period - Stopped by Viktor Fasth with a rebound.
10:13 of 2nd period - Snap shot by Jason Allison.
10:13 of 2nd period - Shot Misses the Net.
10:23 of 2nd period - Snap shot by Jason Allison.
10:23 of 2nd period - Stopped by Viktor Fasth with a rebound.
10:25 of 2nd period - Backhand shot by Corey Perry.
10:25 of 2nd period - Shot Misses the Net.
10:27 of 2nd period - Wrist shot by Corey Perry.
10:27 of 2nd period - Shot Misses the Net.
10:33 of 2nd period - Wrist shot by Corey Perry.
10:33 of 2nd period - Shot Blocked by Maxim Afinogenov.
10:35 of 2nd period - Wrist shot by Brian Campbell.
10:35 of 2nd period - Stopped by Viktor Fasth with a rebound.
11:19 of 2nd period - Slapshot by Zach Parise.
11:19 of 2nd period - Stopped by Jimmy Howard without a rebound.
11:20 of 2nd period - Mike Comrie wins face-off versus Vincent Lecavalier in Avalanche zone.
11:48 of 2nd period - Minor Penalty to Mike Komisarek for Roughing.
11:49 of 2nd period - Bryan Little wins face-off versus Vincent Lecavalier in Devils zone.
12:55 of 2nd period - Shane O'Brien is hit by Jason Arnott and loses puck.
13:08 of 2nd period - Shane O'Brien is hit by Antti Miettinen and loses puck.
13:21 of 2nd period - Icing by Maxim Talbot.
13:22 of 2nd period - Michael Rupp wins face-off versus Vincent Lecavalier in Avalanche zone.
13:48 of 2nd period - Penalty to Mike Komisarek is over, Mike Komisarek is back on ice.
14:02 of 2nd period - Snap shot by Ladislav Nagy.
14:02 of 2nd period - Deflect By Dustin Boyd.
14:02 of 2nd period - Goal by Dustin Boyd - Avalanche : 1 - Devils : 3.
14:03 of 2nd period - Ryan Smyth wins face-off versus Vincent Lecavalier in neutral zone.
14:08 of 2nd period - Mike Lundin is hit by Ryan Smyth and loses puck.
14:19 of 2nd period - Snap shot by Guillaume Latendresse.
14:19 of 2nd period - Shot Misses the Net.
14:49 of 2nd period - Snap shot by Greg Stewart.
14:49 of 2nd period - Stopped by Jimmy Howard without a rebound.
14:50 of 2nd period - Mike Comrie wins face-off versus Jason Arnott in Avalanche zone.
15:28 of 2nd period - Guillaume Latendresse is hit by Michael Rupp and loses puck.
16:01 of 2nd period - Snap shot by Maxim Afinogenov.
16:01 of 2nd period - Stopped by Jimmy Howard with a rebound.
16:03 of 2nd period - Snap shot by Mike Lundin.
16:03 of 2nd period - Stopped by Jimmy Howard without a rebound.
16:04 of 2nd period - Mike Comrie wins face-off versus Stephen Weiss in Avalanche zone.
16:09 of 2nd period - Snap shot by Stephen Weiss.
16:09 of 2nd period - Shot Blocked by Marc Staal.
16:29 of 2nd period - Mike Lundin is hit by Michael Rupp.
17:02 of 2nd period - Antti Miettinen is hit by Corey Perry.
17:16 of 2nd period - Andrew Ladd is hit by Mike Komisarek and loses puck.
17:25 of 2nd period - Wrist shot by Maxim Afinogenov.
17:25 of 2nd period - Stopped by Jimmy Howard with a rebound.
17:35 of 2nd period - Ben Lovejoy is hit by Maxim Talbot and loses puck.
17:54 of 2nd period - Patrick Eaves is hit by Jason Allison and loses puck.
19:23 of 2nd period - Minor Penalty to Dave Tanabe for Roughing.
19:24 of 2nd period - Maxim Afinogenov wins face-off versus Mike Comrie in Avalanche zone.
19:35 of 2nd period - Snap shot by Zach Parise.
19:35 of 2nd period - Shot Misses the Net.
19:37 of 2nd period - Snap shot by Jay Bouwmeester.
19:37 of 2nd period - Stopped by Jimmy Howard with a rebound.
19:39 of 2nd period - Slapshot by Mike Komisarek.
19:39 of 2nd period - Deflect By Vincent Lecavalier.
19:39 of 2nd period - Shot Blocked by Mike Comrie.
19:39 of 2nd period - Puck is out of play.
19:40 of 2nd period - Vincent Lecavalier wins face-off versus Mike Comrie in Avalanche zone.
19:41 of 2nd period - Slapshot by Zach Parise.
19:41 of 2nd period - Stopped by Jimmy Howard with a rebound.
19:43 of 2nd period - Slapshot by Jay Bouwmeester.
19:43 of 2nd period - Stopped by Jimmy Howard with a rebound.
19:45 of 2nd period - Snap shot by Maxim Afinogenov.
19:45 of 2nd period - Stopped by Jimmy Howard without a rebound.
19:46 of 2nd period - Vincent Lecavalier wins face-off versus Mike Comrie in Avalanche zone.
Goals for this period are 0 for Avalanche vs 2 for Devils.
Shots for this period are 7 for Avalanche vs 13 for Devils.
3rd period
0:01 of 3rd period - Vincent Lecavalier wins face-off versus Mike Comrie in neutral zone.
0:04 of 3rd period - Slapshot by Jay Bouwmeester.
0:04 of 3rd period - Deflect By Zach Parise.
0:04 of 3rd period - Shot Blocked by Michael Rupp.
0:04 of 3rd period - Puck is out of play.
0:05 of 3rd period - Vincent Lecavalier wins face-off versus Mike Comrie in Avalanche zone.
0:08 of 3rd period - Snap shot by Vincent Lecavalier.
0:08 of 3rd period - Shot Blocked by Marc Staal.
0:12 of 3rd period - Backhand shot by Zach Parise.
0:12 of 3rd period - Goal by Zach Parise - Avalanche : 1 - Devils : 4.
0:13 of 3rd period - Mike Comrie wins face-off versus Vincent Lecavalier in neutral zone.
0:38 of 3rd period - Ryan Smyth is hit by Jay Bouwmeester and loses puck.
0:47 of 3rd period - Slapshot by Patrick Eaves.
0:47 of 3rd period - Stopped by Jimmy Howard without a rebound.
0:48 of 3rd period - Jason Allison wins face-off versus Vincent Lecavalier in Avalanche zone.
0:57 of 3rd period - Wrist shot by Corey Perry.
0:57 of 3rd period - Stopped by Viktor Fasth with a rebound.
0:59 of 3rd period - Snap shot by Jason Allison.
0:59 of 3rd period - Stopped by Viktor Fasth without a rebound.
1:00 of 3rd period - Guillaume Latendresse wins face-off versus Jason Allison in Devils zone.
1:15 of 3rd period - Wrist shot by Vincent Lecavalier.
1:15 of 3rd period - Stopped by Jimmy Howard without a rebound.
1:16 of 3rd period - Stephen Weiss wins face-off versus Dustin Byfuglien in Avalanche zone.
1:21 of 3rd period - Slapshot by Stephen Weiss.
1:21 of 3rd period - Stopped by Jimmy Howard without a rebound.
1:22 of 3rd period - Mike Comrie wins face-off versus Maxim Afinogenov in Avalanche zone.
3:40 of 3rd period - Snap shot by Guillaume Latendresse.
3:40 of 3rd period - Stopped by Jimmy Howard with a rebound.
3:42 of 3rd period - Wrist shot by Guillaume Latendresse.
3:42 of 3rd period - Shot Blocked by Michael Rupp.
3:44 of 3rd period - Snap shot by Brad Ference.
3:44 of 3rd period - Stopped by Jimmy Howard without a rebound.
3:45 of 3rd period - Mike Comrie wins face-off versus Stephen Weiss in Avalanche zone.
5:11 of 3rd period - Snap shot by Mike Comrie.
5:11 of 3rd period - Shot Blocked by Greg Stewart.
5:48 of 3rd period - Stephen Weiss is hit by Bryan Little and loses puck.
6:04 of 3rd period - Off-side.
6:05 of 3rd period - Mike Comrie wins face-off versus Jason Arnott in neutral zone.
6:08 of 3rd period - Slapshot by Drew Doughty.
6:08 of 3rd period - Deflect By Ryan Smyth.
6:08 of 3rd period - Shot Blocked by Andy Greene.
6:08 of 3rd period - Puck is out of play.
6:09 of 3rd period - Stephen Weiss wins face-off versus Mike Comrie in Devils zone.
6:21 of 3rd period - Off-side.
6:22 of 3rd period - Vincent Lecavalier wins face-off versus Mike Comrie in neutral zone.
6:40 of 3rd period - Minor Penalty to Ryan Smyth for Elbowing.
6:41 of 3rd period - Mike Comrie wins face-off versus Vincent Lecavalier in Avalanche zone.
6:53 of 3rd period - Jay Bouwmeester is hit by Jack Johnson and loses puck.
7:26 of 3rd period - Dustin Byfuglien is hit by Zach Parise and loses puck.
7:54 of 3rd period - Slapshot by Marc Staal.
7:54 of 3rd period - Deflect By Rostislav Olesz.
7:54 of 3rd period - Stopped by Viktor Fasth with a rebound.
8:40 of 3rd period - Penalty to Ryan Smyth is over, Ryan Smyth is back on ice.
8:53 of 3rd period - Vincent Lecavalier is hit by Jason Allison and loses puck.
9:14 of 3rd period - Slapshot by Patrick Eaves.
9:14 of 3rd period - Stopped by Jimmy Howard with a rebound.
9:58 of 3rd period - Patrick Eaves is hit by Dustin Byfuglien and loses puck.
10:45 of 3rd period - Brian Campbell is hit by Stephen Weiss and loses puck.
10:52 of 3rd period - Snap shot by Stephen Weiss.
10:52 of 3rd period - Shot Misses the Net.
10:54 of 3rd period - Slapshot by Ben Lovejoy.
10:54 of 3rd period - Shot Blocked by Brian Campbell.
11:46 of 3rd period - Mike Komisarek is hit by Bryan Little and loses puck.
12:13 of 3rd period - Maxim Talbot is hit by Brad Ference and loses puck.
12:46 of 3rd period - Minor Penalty to Rostislav Olesz for Holding.
12:47 of 3rd period - Mike Comrie wins face-off versus Vincent Lecavalier in Avalanche zone.
12:47 of 3rd period - Mike Comrie is hit by Mike Lundin.
13:14 of 3rd period - Mike Comrie is hit by Guillaume Latendresse and loses puck.
14:01 of 3rd period - Marc Staal is hit by Stephen Weiss and loses puck.
14:18 of 3rd period - Shane O'Brien is hit by Patric Hornqvist and loses puck.
14:37 of 3rd period - Mike Lundin is hit by Dustin Byfuglien and loses puck.
14:46 of 3rd period - Penalty to Rostislav Olesz is over, Rostislav Olesz is back on ice.
15:06 of 3rd period - Snap shot by Dustin Byfuglien.
15:06 of 3rd period - Stopped by Viktor Fasth without a rebound.
15:07 of 3rd period - Jason Arnott wins face-off versus Jason Allison in Devils zone.
15:32 of 3rd period - Ryan Smyth is hit by Patrick Eaves and loses puck.
15:47 of 3rd period - Wrist shot by Ladislav Nagy.
15:47 of 3rd period - Stopped by Jimmy Howard with a rebound.
15:49 of 3rd period - Slapshot by Mike Lundin.
15:49 of 3rd period - Stopped by Jimmy Howard with a rebound.
16:03 of 3rd period - Minor Penalty to Jason Allison for Roughing.
16:04 of 3rd period - Vincent Lecavalier wins face-off versus Mike Comrie in Avalanche zone.
16:15 of 3rd period - Wrist shot by Jay Bouwmeester.
16:15 of 3rd period - Stopped by Jimmy Howard with a rebound.
16:17 of 3rd period - Wrist shot by Vincent Lecavalier.
16:17 of 3rd period - Stopped by Jimmy Howard with a rebound.
16:52 of 3rd period - Slapshot by Shane O'Brien.
16:52 of 3rd period - Stopped by Viktor Fasth with a rebound.
18:03 of 3rd period - Penalty to Jason Allison is over, Jason Allison is back on ice.
18:10 of 3rd period - Snap shot by Corey Perry.
18:10 of 3rd period - Shot Blocked by Ben Lovejoy.
18:12 of 3rd period - Snap shot by Jason Allison.
18:12 of 3rd period - Stopped by Viktor Fasth with a rebound.
18:34 of 3rd period - Snap shot by Antti Miettinen.
18:34 of 3rd period - Shot Blocked by Shane O'Brien.
19:01 of 3rd period - Snap shot by Rostislav Olesz.
19:01 of 3rd period - Shot Misses the Net.
19:03 of 3rd period - Snap shot by Rostislav Olesz.
19:03 of 3rd period - Shot Misses the Net.
19:09 of 3rd period - Rostislav Olesz is hit by Greg Stewart and loses puck.
19:37 of 3rd period - Dave Tanabe is hit by Maxim Afinogenov and loses puck.
19:56 of 3rd period - Bryan Little is hit by Brad Ference and loses puck.
Goals for this period are 0 for Avalanche vs 1 for Devils.
Shots for this period are 6 for Avalanche vs 11 for Devils.
Output by the SimonT Hockey Simulator (STHS) for François Prévost -- Original Page W3C XHTML 1.0 Valid